PAA
MERCER ISLAND SCREAMING EAGLES @ SALEM MISFITS
08/24/2026
 
TOP OF THE 1ST
Mercer Island Screaming Eagles batting - Pitching for Salem Misfits : RHP Sébastien Marchand
Pitching: RHP Sébastien Marchand
Batting: LHB Jacob Herman 0-0: Called Strike
0-1: Fly out, F7 (Flyball, 7D)
Batting: RHB Steve Irwin 0-0: Ball
1-0: Fly out, F7 (Flyball, 78M)
Batting: SHB Stephen Dowell 0-0: Ball
1-0: DOUBLE (Line Drive, 8LD)
Batting: RHB Leonardo Ramírez 0-0: Foul Ball, location: 2F
0-1: Called Strike
0-2: Ball
1-2: Strikes out swinging, 2-3 out at first.
Top of the 1st over - 0 run(s), 1 hit(s), 0 error(s), 1 left on base; Mercer Island 0 - Salem 0
BOTTOM OF THE 1ST
Salem Misfits batting - Pitching for Mercer Island Screaming Eagles : LHP Tomiji Saikawa
Pitching: LHP Tomiji Saikawa
Batting: RHB Santiago Mosca 0-0: Called Strike
0-1: Swinging Strike
0-2: Ball
1-2: Strikes out looking
Batting: RHB Ramón Ávila 0-0: Called Strike
0-1: Ball
1-1: Swinging Strike
1-2: Ball
2-2: Ball
3-2: Base on Balls
Batting: LHB David Breitling 0-0: Swinging Strike
0-1: Ball
1-1: Foul Ball, location: 2F
1-2: Strikes out swinging
Batting: LHB Ignacio Medine 0-0: Called Strike
0-1: Ball
1-1: Swinging Strike
1-2: Strikes out swinging
Bottom of the 1st over - 0 run(s), 0 hit(s), 0 error(s), 1 left on base; Mercer Island 0 - Salem 0
TOP OF THE 2ND
Mercer Island Screaming Eagles batting - Pitching for Salem Misfits : RHP Sébastien Marchand
Batting: RHB Marcos Reyes 0-0: Ball
1-0: Reached on error, E5 (Groundball, 56S)
Batting: RHB Luis Jiménez 0-0: Fly out, F7 (Line Drive, 7)
Batting: RHB Wade Killefer 0-0: Fly out, F7 (Flyball, 7)
Batting: LHB Mike Russell 0-0: Called Strike
0-1: Ball
1-1: Called Strike
1-2: Ball
2-2: Fly out, F7 (Flyball, 78M)
Top of the 2nd over - 0 run(s), 0 hit(s), 1 error(s), 1 left on base; Mercer Island 0 - Salem 0
BOTTOM OF THE 2ND
Salem Misfits batting - Pitching for Mercer Island Screaming Eagles : LHP Tomiji Saikawa
Batting: LHB Brent van Schoonhoven 0-0: Called Strike
0-1: Ball
1-1: Fly out, F9 (Flyball, 9S)
Batting: LHB Jorge García 0-0: Ball
1-0: Called Strike
1-1: Ball
2-1: Foul Ball, location: 2F
2-2: Ball
3-2: Strikes out swinging
Batting: RHB Vicente Andros 0-0: Ball
1-0: Foul Ball, location: 2F
1-1: Foul Ball, location: 2F
1-2: Foul Ball, location: 2F
1-2: Ground out 6-3 (Groundball, 6S)
Bottom of the 2nd over - 0 run(s), 0 hit(s), 0 error(s), 0 left on base; Mercer Island 0 - Salem 0
TOP OF THE 3RD
Mercer Island Screaming Eagles batting - Pitching for Salem Misfits : RHP Sébastien Marchand
Batting: RHB Arnie Latham 0-0: Called Strike
0-1: Ball
1-1: Ground out 5-3 (Groundball, 56S)
Batting: LHB Jacob Herman 0-0: Called Strike
0-1: Ball
1-1: Swinging Strike
1-2: Ball
2-2: Foul Ball, location: 2F
2-2: Foul Ball, location: 2F
2-2: Ball
3-2: Strikes out swinging
Batting: RHB Steve Irwin 0-0: Ball
1-0: Foul Ball, location: 2F
1-1: Ball
2-1: Ball
3-1: Base on Balls
Batting: SHB Stephen Dowell 0-0: Ball
1-0: Called Strike
1-1: Foul Ball, location: 2F
1-2: Ball
2-2: Foul Ball, location: 2F
2-2: Ball
3-2: SINGLE (Flyball, 89S)
Steve Irwin to second
Steve Irwin to third
Batting: RHB Leonardo Ramírez 0-0: Swinging Strike
0-1: Called Strike
0-2: Foul Ball, location: 2F
0-2: Ball
1-2: Ground out 4-3 (Groundball, 34)
Top of the 3rd over - 0 run(s), 1 hit(s), 0 error(s), 2 left on base; Mercer Island 0 - Salem 0
BOTTOM OF THE 3RD
Salem Misfits batting - Pitching for Mercer Island Screaming Eagles : LHP Tomiji Saikawa
Batting: RHB Jorge Ramos 0-0: Called Strike
0-1: Ball
1-1: Ball
2-1: Ground out 1-3 (Groundball, 13S)
Batting: RHB Jim Unknown 0-0: Ball
1-0: Called Strike
1-1: Ball
2-1: Swinging Strike
2-2: Ball
3-2: SINGLE (Line Drive, 78S)
Batting: RHB Santiago Mosca 0-0: Called Strike
0-1: Ball
1-1: Fly out, F8 (Flyball, 8LD)
Batting: RHB Ramón Ávila 0-0: Ball
1-0: SINGLE (Groundball, 4MD)
Jim Unknown to second
Batting: LHB David Breitling 0-0: Ball
1-0: Foul Ball, location: 2F
1-1: Fly out, F8 (Flyball, 89XD)
Bottom of the 3rd over - 0 run(s), 2 hit(s), 0 error(s), 2 left on base; Mercer Island 0 - Salem 0
TOP OF THE 4TH
Mercer Island Screaming Eagles batting - Pitching for Salem Misfits : RHP Sébastien Marchand
Batting: RHB Marcos Reyes 0-0: Called Strike
0-1: SINGLE (Groundball, 4MD)
Batting: RHB Luis Jiménez 0-0: SINGLE (Flyball, 89S)
Marcos Reyes to second
Batting: RHB Wade Killefer 0-0: Foul Ball, location: 2F
0-1: Grounds into double play, 4-6-3 (Groundball, 4M)
Marcos Reyes to third
Batting: LHB Mike Russell 0-0: Ball
1-0: Ball
2-0: Ground out 4-3 (Groundball, 4)
Top of the 4th over - 0 run(s), 2 hit(s), 0 error(s), 1 left on base; Mercer Island 0 - Salem 0
BOTTOM OF THE 4TH
Salem Misfits batting - Pitching for Mercer Island Screaming Eagles : LHP Tomiji Saikawa
Batting: LHB Ignacio Medine 0-0: Ball
1-0: Called Strike
1-1: Ball
2-1: SINGLE (Groundball, 4D)
Batting: LHB Brent van Schoonhoven 0-0: Ball
1-0: Fly out, F9 (Flyball, 9LS)
Batting: LHB Jorge García 0-0: Ball
1-0: SINGLE (Groundball, 4D)
Ignacio Medine to second
Runner from 2nd tries for 3rd, SAFE, throw made to third
Batting: RHB Vicente Andros 0-0: Ball
1-0: Swinging Strike
1-1: Fly out, F5 (Line Drive, 5)
Batting: RHB Jorge Ramos 0-0: SINGLE (Groundball, 56D)
Ignacio Medine scores
Jorge García to second
Batting: RHB Jim Unknown 0-0: Ball
1-0: Ball
2-0: Foul Ball, location: 2F
2-1: Fielders Choice at 2nd, 5-4 (Groundball, 5)
Bottom of the 4th over - 1 run(s), 3 hit(s), 0 error(s), 1 left on base; Mercer Island 0 - Salem 1
TOP OF THE 5TH
Mercer Island Screaming Eagles batting - Pitching for Salem Misfits : RHP Sébastien Marchand
Batting: RHB Arnie Latham 0-0: Ball
1-0: Ball
2-0: Ground out 3-1 (Groundball, 34)
Batting: LHB Jacob Herman 0-0: Swinging Strike
0-1: Ball
1-1: Ball
2-1: Swinging Strike
2-2: Strikes out looking
Batting: RHB Steve Irwin 0-0: Ground out 5-3 (Groundball, 56S)
Top of the 5th over - 0 run(s), 0 hit(s), 0 error(s), 0 left on base; Mercer Island 0 - Salem 1
BOTTOM OF THE 5TH
Salem Misfits batting - Pitching for Mercer Island Screaming Eagles : LHP Tomiji Saikawa
Batting: RHB Santiago Mosca 0-0: Ground out 4-3 (Groundball, 4)
Batting: RHB Ramón Ávila 0-0: Ball
1-0: Swinging Strike
1-1: Ball
2-1: Fly out, F9 (Flyball, 9S)
Batting: LHB David Breitling 0-0: Ball
1-0: Foul Ball, location: 2F
1-1: Called Strike
1-2: SOLO HOME RUN (Flyball, 8LD), Distance : 434 ft
Batting: LHB Ignacio Medine 0-0: Ball
1-0: Ball
2-0: Called Strike
2-1: Called Strike
2-2: Ball
3-2: DOUBLE (Flyball, 89D)
Batting: LHB Brent van Schoonhoven 0-0: Intentional Walk
Batting: LHB Jorge García 0-0: Ball
1-0: Called Strike
1-1: Swinging Strike
1-2: Foul Ball, location: 2F
1-2: Strikes out swinging
Bottom of the 5th over - 1 run(s), 2 hit(s), 0 error(s), 2 left on base; Mercer Island 0 - Salem 2
TOP OF THE 6TH
Mercer Island Screaming Eagles batting - Pitching for Salem Misfits : RHP Sébastien Marchand
Batting: SHB Stephen Dowell 0-0: DOUBLE (Flyball, 9D)
Batting: RHB Leonardo Ramírez 0-0: Ball
1-0: Called Strike
1-1: Ground out 6-3 (Groundball, 6)
Batting: RHB Marcos Reyes 0-0: Ground out 5-3 (Groundball, 5)
Batting: RHB Luis Jiménez 0-0: Fly out, F9 (Flyball, 9LS)
Top of the 6th over - 0 run(s), 1 hit(s), 0 error(s), 1 left on base; Mercer Island 0 - Salem 2
BOTTOM OF THE 6TH
Salem Misfits batting - Pitching for Mercer Island Screaming Eagles : LHP Tomiji Saikawa
Batting: RHB Vicente Andros 0-0: Swinging Strike
0-1: Swinging Strike
0-2: Ball
1-2: Fly out, F8 (Flyball, 78M)
Batting: RHB Jorge Ramos 0-0: DOUBLE (Flyball, 78M)
Batting: RHB Jim Unknown 0-0: Called Strike
0-1: Ball
1-1: Ball
2-1: Foul Ball, location: 2F
2-2: Strikes out swinging, 2-3 out at first.
Batting: RHB Santiago Mosca 0-0: Intentional Walk
Batting: RHB Ramón Ávila 0-0: Foul Ball, location: 2F
0-1: Swinging Strike
0-2: Fly out, F9 (Flyball, 9LS)
Bottom of the 6th over - 0 run(s), 1 hit(s), 0 error(s), 2 left on base; Mercer Island 0 - Salem 2
TOP OF THE 7TH
Mercer Island Screaming Eagles batting - Pitching for Salem Misfits : RHP Sébastien Marchand
Batting: RHB Wade Killefer 0-0: Called Strike
0-1: Fly out, F2 (Popup, 15)
Batting: LHB Mike Russell 0-0: Swinging Strike
0-1: Fly out, F7 (Flyball, 7S)
Batting: RHB Arnie Latham 0-0: Called Strike
0-1: Foul Ball, location: 2F
0-2: Strikes out swinging
Top of the 7th over - 0 run(s), 0 hit(s), 0 error(s), 0 left on base; Mercer Island 0 - Salem 2
BOTTOM OF THE 7TH
Salem Misfits batting - Pitching for Mercer Island Screaming Eagles : LHP Tomiji Saikawa
Batting: LHB David Breitling 0-0: Ball
1-0: Ball
2-0: Swinging Strike
2-1: Fly out, F7 (Flyball, 7)
Batting: LHB Ignacio Medine 0-0: Called Strike
0-1: Ball
1-1: Swinging Strike
1-2: Ground out 6-3 (Groundball, 4MD)
Batting: LHB Brent van Schoonhoven 0-0: Ball
1-0: Ball
2-0: Swinging Strike
2-1: Ball
3-1: Base on Balls
Pitching: LHP Bastiăo Shwerin
Batting: LHB Jorge García Pickoff Throw to First - Out!
Bottom of the 7th over - 0 run(s), 0 hit(s), 0 error(s), 0 left on base; Mercer Island 0 - Salem 2
TOP OF THE 8TH
Mercer Island Screaming Eagles batting - Pitching for Salem Misfits : RHP Sébastien Marchand
Batting: LHB Jacob Herman 0-0: Ground out U3 (Groundball, 3L)
Batting: RHB Steve Irwin 0-0: Ball
1-0: Foul Ball, location: 2F
1-1: Ball
2-1: Foul Ball, location: 2F
2-2: Ball
3-2: Foul Ball, location: 2F
3-2: Foul Ball, location: 2F
3-2: Strikes out swinging
Batting: SHB Stephen Dowell 0-0: Fly out, F8 (Line Drive, 8LM)
Top of the 8th over - 0 run(s), 0 hit(s), 0 error(s), 0 left on base; Mercer Island 0 - Salem 2
BOTTOM OF THE 8TH
Salem Misfits batting - Pitching for Mercer Island Screaming Eagles : LHP Bastiăo Shwerin
Batting: LHB Jorge García 0-0: Ball
1-0: Called Strike
1-1: Foul Ball, location: 2F
1-2: Strikes out swinging
Batting: RHB Vicente Andros 0-0: Ball
1-0: Called Strike
1-1: Foul Ball, location: 2F
1-2: Strikes out swinging
Batting: RHB Jorge Ramos 0-0: Swinging Strike
0-1: Foul Ball, location: 2F
0-2: Ball
1-2: Strikes out swinging
Bottom of the 8th over - 0 run(s), 0 hit(s), 0 error(s), 0 left on base; Mercer Island 0 - Salem 2
TOP OF THE 9TH
Mercer Island Screaming Eagles batting - Pitching for Salem Misfits : RHP Sébastien Marchand
Batting: RHB Leonardo Ramírez 0-0: SOLO HOME RUN (Flyball, 7D), Distance : 393 ft
Pitching: LHP Jorge Cedeńo
Batting: RHB Marcos Reyes 0-0: Swinging Strike
0-1: Ground out 6-3 (Groundball, 6)
Batting: RHB Luis Jiménez 0-0: Called Strike
0-1: Foul Ball, location: 2F
0-2: Foul Ball, location: 2F
0-2: Foul Ball, location: 2F
0-2: Strikes out looking
Batting: RHB Wade Killefer 0-0: Foul Ball, location: 2F
0-1: Foul Ball, location: 2F
0-2: Ball
1-2: Strikes out swinging
Top of the 9th over - 1 run(s), 1 hit(s), 0 error(s), 0 left on base; Mercer Island 1 - Salem 2
Monday, March 20th, 2017 - OOTP Baseball 17.12 Build 75